 Dungeon Crawl Stone Soup version 0.28.0-43-g3370ac3207 (webtiles) character file.

Game seed: 9403679271575250261

9675 Ablot the Thaumaturge (level 11, -4/83 (86) HPs)
             Began as a Gnoll Warper on Mar 14, 2022.
             Was a High Priest of Okawaru.
             Slain by a two-headed ogre
             ... wielding a +0 giant spiked club
              (17 damage)
             ... on level 11 of the Dungeon.
             The game lasted 00:31:37 (15203 turns).

Ablot the Thaumaturge (Gnoll Warper)               Turns: 15203, Time: 00:31:38

HP:   -4/83 (86)    AC: 15    Str: 15    XL:     11   Next: 50%
MP:   19/23         EV: 15    Int: 13    God:    Okawaru [*****.]
Gold: 608           SH:  0    Dex: 17    Spells: 21/26 levels left

rFire   . . .      SeeInvis .   w - +2 club (spect)
rCold   . . .      Faith    +   (no shield)
rNeg    . . .      Spirit   .   P - +4 ring mail {rPois}
rPois   +          Reflect  .   K - +0 helmet
rElec   .          Harm     .   F - +0 cloak
rCorr   .          Rampage  .   Q - +0 pair of gloves
Will    .....                   q - +0 pair of boots
Stlth   +++.......              r - amulet of faith
HPRegen 0.23/turn               g - +6 ring of dexterity
MPRegen 0.18/turn               o - ring of wizardry

@: studying Crossbows, lightly drained
A: fangs 1, strong nose, distributed training
a: Renounce Religion, Heroism, Finesse, Duel


You were on level 11 of the Dungeon.
You worshipped Okawaru.
Okawaru was extremely pleased with you.
You visited 2 branches of the dungeon, and saw 13 of its levels.

You collected 638 gold pieces.
You spent 30 gold pieces at shops.

Inventory:

Hand Weapons
 a - a +0 trident
 w - a +2 spectral club (weapon)
 N - a +4 dagger of venom
Missiles
 d - 2 boomerangs of dispersal
 l - 298 stones
 n - a boomerang
 p - 224 arrows
 y - 3 javelins
 E - 43 bolts
 G - 10 atropa-tipped darts
 H - 3 poisoned darts (quivered)
Armour
 q - a +0 pair of boots (worn)
 F - a +0 cloak (worn)
 J - +0 swamp dragon scales
 K - a +0 helmet (worn)
 P - a +4 ring mail of poison resistance (worn)
 Q - a +0 pair of gloves (worn)
Jewellery
 g - a +6 ring of dexterity (left hand)
 o - a ring of wizardry (right hand)
 r - an amulet of faith (around neck)
Wands
 v - a wand of digging (4)
 I - a wand of flame (7)
 S - a wand of iceblast (6)
Scrolls
 b - 3 scrolls of vulnerability {unknown}
 c - 2 scrolls of blinking
 e - a scroll of fog {unknown}
 f - 4 scrolls of holy word
 k - 5 scrolls of teleportation
 m - a scroll of silence {unknown}
 s - 2 scrolls of magic mapping {unknown}
 x - 4 scrolls of enchant armour {unknown}
 A - a scroll of torment {unknown}
 C - a scroll of noise {unknown}
 M - 2 scrolls of immolation
 O - 3 scrolls of amnesia {unknown}
 R - a scroll of fear {unknown}
 T - 2 scrolls of enchant weapon {unknown}
Potions
 h - 3 potions of lignification
 i - 3 potions of cancellation
 j - 2 potions of brilliance
 t - 7 potions of curing
 u - 4 potions of haste
 z - 5 potions of heal wounds
 B - 5 potions of attraction
 D - 2 potions of resistance
 L - a potion of invisibility {unknown}
 U - 2 potions of might {unknown}
 V - a potion of berserk rage {unknown}


   Skills:
 + Level 7.9 Fighting
 + Level 6.3 Short Blades
 + Level 6.3 Long Blades
 + Level 6.3 Axes
 + Level 6.3 Maces & Flails
 + Level 7.9 Polearms
 + Level 6.3 Staves
 + Level 6.3 Slings
 + Level 6.3 Bows
 + Level 7.4 Crossbows
 + Level 6.9 Throwing
 + Level 6.9 Armour
 + Level 7.9 Dodging
 + Level 6.3 Stealth
 + Level 6.3 Shields
 + Level 6.3 Unarmed Combat
 + Level 8.2 Spellcasting
 + Level 5.2 Conjurations
 + Level 5.2 Hexes
 + Level 5.2 Summonings
 + Level 5.2 Necromancy
 + Level 7.7 Translocations
 + Level 5.2 Transmutations
 + Level 5.2 Fire Magic
 + Level 5.2 Ice Magic
 + Level 5.2 Air Magic
 + Level 5.2 Earth Magic
 + Level 5.2 Poison Magic
 + Level 7.0 Invocations
 + Level 6.3 Evocations


You had 21 spell levels left.
You knew the following spells:

 Your Spells              Type           Power      Damage    Failure   Level
a - Blink                 Tloc           50%        N/A       1%          2
b - Frozen Ramparts       Ice            38%        1d5       3%          3

Your spell library contained the following spells:

 Spells                   Type           Power      Damage    Failure   Level
 Freeze                   Ice            76%        1d9       1%          1
 Shock                    Conj/Air       76%        1d7       1%          1
 Scorch                   Fire           38%        2d6       1%          2
 Gell's Gravitas          Tloc           25%        N/A       1%          3
 Lesser Beckoning         Tloc           25%        N/A       1%          3
 Teleport Other           Tloc           25%        N/A       1%          3
 Swiftness                Air            19%        N/A       3%          3
 Airstrike                Air            9%         N/A       12%         4
 Flame Wave               Conj/Fire      19%        2d6       12%         4
 Hailstorm                Conj/Ice       19%        3d6       12%         4
 Manifold Assault         Tloc           25%        N/A       12%         5
 Summon Cactus Giant      Summ           Unusable   N/A       N/A         6

Dungeon Overview and Level Annotations

Branches:
Dungeon (12/15)            Temple (1/1) D:4            Lair (0/6) D:11
    Orc: D:9-12

Altars:
Ashenzari
Cheibriados
Dithmenos
Elyvilon
Fedhas
Gozag
Hepliaklqana
Kikubaaqudgha
Makhleb
Nemelex Xobeh
Okawaru
Qazlal
Ru
Sif Muna
Trog
Uskayaw
Vehumet
Wu Jian
Xom
Yredelemnul
Zin
The Shining One

Shops:
D:2 *

Annotations:
D:11 exclusion: hydra
D:12 Azrael, Rupert


Innate Abilities, Weirdness & Mutations

You have very sharp teeth.
Your uncanny sense of smell can sniff out nearby items.
Your experience applies equally to all skills.


Message History

Unknown command.
Casting: Blink (safe; 1% risk of failure)
Confirm with . or Enter, or press ? or * to list all spells.
Casting: Frozen Ramparts (mildly dangerous; 3% risk of failure)
Press: ? - help, Dir - look around, f - activate The walls around you are covered in ice.
You feel stable enough to blink again.
Unknown command.
Throw: 6 darts (poison)
Press: ? - help, Q - select action, (/) - cycle Shift-Dir - straight line, f - two-headed ogre
Aim: a two-headed ogre, wielding a +0 giant spiked club and a +0 giant club (79% to hit)
You throw a poisoned dart.
The poisoned dart completely misses the two-headed ogre.
Throw: 5 darts (poison)
Press: ? - help, Q - select action, (/) - cycle Shift-Dir - straight line, f/p - two-headed ogre
Aim: a two-headed ogre, wielding a +0 giant spiked club and a +0 giant club (79% to hit)
You throw a poisoned dart.
The poisoned dart hits the two-headed ogre!
The two-headed ogre is poisoned.
Throw: 4 darts (poison)
Press: ? - help, Q - select action, (/) - cycle Shift-Dir - straight line, f/p - two-headed ogre
Aim: a two-headed ogre, wielding a +0 giant spiked club and a +0 giant club (very poisoned, 79% to hit)
You throw a poisoned dart.
The poisoned dart hits the two-headed ogre.
The two-headed ogre looks as sick as possible!
The wall freezes the two-headed ogre.
The wall freezes the two-headed ogre.
You hit the two-headed ogre. You bite the two-headed ogre.
The two-headed ogre is moderately wounded.
The wall freezes the two-headed ogre.
The two-headed ogre hits you with a +0 giant spiked club!
The two-headed ogre hits you with a +0 giant club!
* * * LOW HITPOINT WARNING * * *
Unknown command.
You hit the two-headed ogre but do no damage.
You bite the two-headed ogre, but do no damage.
The two-headed ogre is moderately wounded.
The frozen ramparts melt away.
The two-headed ogre hits you with a +0 giant spiked club!
You die...

........#.....<....#.# #.#
........#.###.|.(###.# #.#
.....####.##.........####.#
.^...# #....#...###......#
.....# ####....(..#.######
.....# #.##.(#.#.# ######
#.#...#...# #.###O#.### #.#
#@#.# #.# #...# #.####?[#
#.....)># #######)#
#.####### #......<#
#########


You could see a two-headed ogre (very poisoned).

Vanquished Creatures
  2 two-headed ogres
  A cyclops (D:10)
  Maggie (D:7)
  The ghost of crompyre the Cudgeller, an amateur OgBe of Trog (D:3)
  A slime creature (D:7)
  Sigmund (D:3)
  A spriggan (shapeshifter) (D:10)
  3 wyverns
  2 shadows (D:11)
  4 yaks (D:11)
  2 wraiths
  Eustachio (D:3)
  2 basilisks
  A vampire mosquito (D:7)
  A steam dragon (D:9)
  Menkaure (D:5)
  A warg (D:11)
  A water moccasin (D:8)
  4 hell hounds (D:11)
  Duvessa (D:7)
  A sky beast (D:7)
  An orc warrior (D:7)
  4 ogres
  2 black bears
  A necrophage (D:6)
  2 centaurs
  2 phantoms
  The ghost of Calamarain the Cudgeller, an amateur GrFi of Ru (D:4)
  5 bullfrogs
  2 gnoll sergeants (D:7)
  A scorpion (D:7)
  A wyvern skeleton (D:6)
  Dowan (D:7)
  7 killer bees
  4 howler monkeys
  5 centaur zombies
  2 bullfrog zombies
  A gnoll shaman (D:8)
  4 orc priests
  A bullfrog skeleton (D:5)
  5 hounds
  Crazy Yiuf (D:7)
  Ijyb (D:3)
  A centaur skeleton (D:7)
  3 iguanas
  7 orc wizards
  A howler monkey zombie (D:10)
  14 gnolls
  7 adders
  3 shadow imps
  A white imp (D:7)
  2 ufetubi
  2 dart slugs (D:5)
  38 orcs
  4 ball pythons
  4 bats (D:1)
  7 endoplasms
  A giant cockroach (D:4)
  7 goblins
  3 hobgoblins
  3 jackals (D:1)
  6 kobolds
  3 quokkas
  A frilled lizard (D:2)
  5 rats
210 creatures vanquished.

Vanquished Creatures (others)
  2 fungi (D:7)
  4 plants
  5 toadstools (D:1)
11 creatures vanquished.

Grand Total: 221 creatures vanquished

Notes
Turn   | Place    | Note
-------+----------+-------------------------------------------
     0 | D:1      | Ablot the Gnoll Warper began the quest for the Orb.
     0 | D:1      | Reached XP level 1. HP: 20/20 MP: 6/6
    84 | D:1      | Reached XP level 2. HP: 19/26 MP: 7/7
    90 | D:1      | Learned a level 2 spell: Blink
   405 | D:1      | Reached XP level 3. HP: 31/31 MP: 9/9
   445 | D:1      | Reached skill level 5 in Spellcasting
   842 | D:2      | Reached skill level 1 in Invocations
   853 | D:2      | Found a faded altar of an unknown god.
   974 | D:2      | Found Luoqo's General Store.
   983 | D:2      | Bought a scroll of teleportation for 30 gold pieces
  1043 | D:2      | Reached skill level 1 in Short Blades
  1043 | D:2      | Reached skill level 1 in Long Blades
  1043 | D:2      | Reached skill level 1 in Axes
  1043 | D:2      | Reached skill level 1 in Maces & Flails
  1043 | D:2      | Reached skill level 1 in Staves
  1043 | D:2      | Reached skill level 1 in Slings
  1043 | D:2      | Reached skill level 1 in Bows
  1043 | D:2      | Reached skill level 1 in Crossbows
  1043 | D:2      | Reached skill level 1 in Stealth
  1043 | D:2      | Reached skill level 1 in Shields
  1043 | D:2      | Reached skill level 1 in Unarmed Combat
  1043 | D:2      | Reached skill level 1 in Evocations
  1543 | D:3      | Found a runed translucent door.
  1590 | D:3      | Noticed Sigmund
  1850 | D:3      | Noticed a bullfrog
  1853 | D:3      | Reached XP level 4. HP: 38/38 MP: 11/11
  1858 | D:3      | Noticed crompyre's ghost (amateur OgBe)
  2085 | D:3      | Noticed Ijyb
  2109 | D:3      | Killed Ijyb
  2110 | D:3      | Reached skill level 1 in Conjurations
  2110 | D:3      | Reached skill level 1 in Hexes
  2110 | D:3      | Reached skill level 1 in Summonings
  2110 | D:3      | Reached skill level 1 in Necromancy
  2110 | D:3      | Reached skill level 1 in Transmutations
  2110 | D:3      | Reached skill level 1 in Fire Magic
  2110 | D:3      | Reached skill level 1 in Ice Magic
  2110 | D:3      | Reached skill level 1 in Air Magic
  2110 | D:3      | Reached skill level 1 in Earth Magic
  2110 | D:3      | Reached skill level 1 in Poison Magic
  2471 | D:3      | Killed Sigmund
  2472 | D:3      | Reached XP level 5. HP: 43/43 MP: 12/12
  2472 | D:3      | Reached XP level 6. HP: 50/50 MP: 13/13
  2582 | D:4      | Noticed Eustachio
  2582 | D:4      | Noticed a black bear
  2602 | D:3      | Killed Eustachio
  2603 | D:3      | Reached skill level 5 in Fighting
  2603 | D:3      | Reached skill level 5 in Polearms
  2603 | D:3      | Reached skill level 5 in Dodging
  2864 | D:4      | Found a runed translucent door.
  2897 | D:4      | Noticed Calamarain's ghost (amateur GrFi)
  2927 | D:4      | Killed a black bear
  2928 | D:4      | Reached XP level 7. HP: 49/56 MP: 15/15
  2976 | D:4      | Identified the +5 dagger "Hydrabane" {holy, *Slow +Blink
                  | rPois}
  3210 | D:4      | Found a staircase to the Ecumenical Temple.
  3220 | Temple   | Entered the Ecumenical Temple
  3427 | Temple   | Became a worshipper of Elyvilon the Healer
  3740 | D:5      | Entered Level 5 of the Dungeon
  3868 | D:5      | HP: 1/56 [iguana (2)]
  4312 | D:5      | Noticed Menkaure
  4388 | D:5      | Reached XP level 8. HP: 53/63 MP: 16/16
  4866 | D:5      | Reached * piety under Elyvilon
  5136 | D:5      | Killed Menkaure
  5137 | D:5      | Reached skill level 6 in Spellcasting
  5864 | D:6      | Found an iron altar of Okawaru.
  5876 | D:6      | Found a basalt altar of Yredelemnul.
  5951 | D:6      | Reached ** piety under Elyvilon
  6385 | D:6      | Noticed a wyvern
  6395 | D:6      | Killed a wyvern
  7295 | D:6      | Fell from the grace of Elyvilon
  7295 | D:6      | Became a worshipper of Warmaster Okawaru
  7363 | D:6      | Reached XP level 9. HP: 45/69 MP: 18/18
  7849 | D:7      | Noticed Duvessa
  7849 | D:7      | Noticed Dowan
  7890 | D:7      | HP: 3/69 [gnoll sergeant/+0 spear (7)]
  8243 | D:7      | HP: 2/69 [something (5)]
  8248 | D:7      | Reached skill level 5 in Throwing
  8248 | D:7      | Reached skill level 5 in Armour
  8567 | D:7      | Noticed a two-headed ogre
  8872 | D:7      | Reached * piety under Okawaru
  9256 | D:7      | Found a runed translucent door.
  9257 | D:7      | Noticed Crazy Yiuf
  9267 | D:7      | Killed Crazy Yiuf
  9594 | D:7      | Killed Duvessa
  9595 | D:7      | Reached skill level 5 in Invocations
  9640 | D:7      | Noticed Maggie
  9661 | D:7      | Killed a two-headed ogre
  9661 | D:7      | Reached ** piety under Okawaru
  9662 | D:7      | Reached skill level 7 in Spellcasting
  9662 | D:7      | Reached XP level 10. HP: 21/77 MP: 20/20
  9664 | D:7      | HP: 2/77 [Dowan/shard of ice (7)]
 10141 | D:7      | Reached skill level 5 in Short Blades
 10141 | D:7      | Reached skill level 5 in Long Blades
 10141 | D:7      | Reached skill level 5 in Axes
 10141 | D:7      | Reached skill level 5 in Maces & Flails
 10141 | D:7      | Reached skill level 5 in Staves
 10141 | D:7      | Reached skill level 5 in Slings
 10141 | D:7      | Reached skill level 5 in Bows
 10141 | D:7      | Reached skill level 5 in Crossbows
 10141 | D:7      | Reached skill level 5 in Stealth
 10141 | D:7      | Reached skill level 5 in Shields
 10141 | D:7      | Reached skill level 5 in Unarmed Combat
 10141 | D:7      | Reached skill level 5 in Evocations
 10217 | D:7      | Killed Dowan
 10265 | D:7      | Killed Maggie
 10265 | D:7      | Reached *** piety under Okawaru
 11491 | D:3      | Killed crompyre's ghost
 11618 | D:4      | Learned a level 3 spell: Frozen Ramparts
 11631 | D:4      | Killed Calamarain's ghost
 11838 | D:9      | Noticed a two-headed ogre
 11923 | D:9      | You fall into a shaft and drop 2 floors!
 12047 | D:11     | Received a gift from Okawaru
 12202 | D:10     | Entered Level 10 of the Dungeon
 12311 | D:11     | Reached **** piety under Okawaru
 12352 | D:10     | Noticed a cyclops
 12362 | D:10     | Killed a cyclops
 12666 | D:9      | Reached XP level 11. HP: 83/84 MP: 22/22
 12812 | D:9      | Found a burning altar of Makhleb.
 13448 | D:9      | Killed a two-headed ogre
 13449 | D:9      | Reached skill level 5 in Conjurations
 13449 | D:9      | Reached skill level 5 in Hexes
 13449 | D:9      | Reached skill level 5 in Summonings
 13449 | D:9      | Reached skill level 5 in Necromancy
 13449 | D:9      | Reached skill level 5 in Transmutations
 13449 | D:9      | Reached skill level 5 in Fire Magic
 13449 | D:9      | Reached skill level 5 in Ice Magic
 13449 | D:9      | Reached skill level 5 in Air Magic
 13449 | D:9      | Reached skill level 5 in Earth Magic
 13449 | D:9      | Reached skill level 5 in Poison Magic
 13615 | D:10     | Reached skill level 8 in Spellcasting
 13694 | D:10     | Identified the +1 ring mail of the Centipede {*Slow Dex+5}
 14341 | D:11     | Found a staircase to the Lair.
 14382 | D:11     | Reached ***** piety under Okawaru
 14601 | D:11     | Noticed a seven-headed hydra
 14684 | D:12     | Noticed Rupert
 14684 | D:12     | Noticed a green ugly thing
 14724 | D:12     | Noticed Azrael
 14724 | D:12     | Noticed a two-headed ogre
 14902 | D:12     | Noticed a two-headed ogre
 14958 | D:12     | Noticed a deep elf pyromancer
 15203 | D:11     | Slain by a two-headed ogre

Illustrated notes

Levels and vault maps discovered:
D:1:      ldierk_walled_garden, layout_basic
D:2:      layout_rooms, serial_shops, shop, shapermc_ecumenical_altar_flowoftime
D:3:      layout_basic, ebering_ghost_sewer_d, chequers_serial_rivers_micro_a,
          uniq_sigmund, uniq_ijyb
D:4:      layout_cave_pools, minmay_temple_entry_mini_moons, serial_park,
          serial_park_fountain, serial_park_square1
          [serial_park_minivault_5x5_1], serial_park_tiny_2,
          ebering_ghost_inner_flame, kennysheep_generic_room_6, uniq_eustachio
D:5:      layout_basic, minivault_24, uniq_menkaure
D:6:      layout_loops_corners, mainiacjoe_overflow_catwalk_spiral
D:7:      layout_basic, chequers_serial_rivers_micro_c, st_stairs_6,
          minmay_manual_macuahuitl, uniq_maggie, uniq_crazy_yiuf_cottage,
          uniq_duvessa
D:8:      layout_cave_pools
D:9:      wander_river, layout_loops_ring, bloody_makhleb, lemuel_flamethrower_2
D:10:     layout_roguey
D:11:     layout_basic, david_lair_generic
D:12:     layout_roguey, erik_orc_4, uniq_rupert, uniq_azrael
Temple:   mainiacjoe_temple_bowtie_tessellation

Skill      XL: |  1  2  3  4  5  6  7  8  9 10 11 |
---------------+----------------------------------+-----
Spellcasting   | 5 6 7 8 |  8.2
Invocations    | 1 2 3 4 5 6 7 |  7.0
Short Blades   | 1 2 3 4 5 6 |  6.3
Long Blades    | 1 2 3 4 5 6 |  6.3
Axes           | 1 2 3 4 5 6 |  6.3
Maces & Flails | 1 2 3 4 5 6 |  6.3
Staves         | 1 2 3 4 5 6 |  6.3
Slings         | 1 2 3 4 5 6 |  6.3
Bows           | 1 2 3 4 5 6 |  6.3
Crossbows      | 1 2 3 4 6 7 |  7.4
Stealth        | 1 2 3 4 5 6 |  6.3
Shields        | 1 2 3 4 5 6 |  6.3
Unarmed Combat | 1 2 3 4 5 6 |  6.3
Evocations     | 1 2 3 4 5 6 |  6.3
Conjurations   | 1 2 3 4 5 |  5.2
Hexes          | 1 2 3 4 5 |  5.2
Summonings     | 1 2 3 4 5 |  5.2
Necromancy     | 1 2 3 4 5 |  5.2
Transmutations | 1 2 3 4 5 |  5.2
Fire Magic     | 1 2 3 4 5 |  5.2
Ice Magic      | 1 2 3 4 5 |  5.2
Air Magic      | 1 2 3 4 5 |  5.2
Earth Magic    | 1 2 3 4 5 |  5.2
Poison Magic   | 1 2 3 4 5 |  5.2
Throwing       | 3 4 5 6 |  6.9
Armour         | 3 4 5 6 |  6.9
Fighting       | 5 6 7 |  7.9
Polearms       | 5 6 7 |  7.9
Dodging        | 5 6 7 |  7.9
Translocations | 6 7 |  7.7

Action                   |  1- 3 |  4- 6 |  7- 9 | 10-12 || total
-------------------------+-------+-------+-------+-------++-------
Melee: Spear             |   111 |       |       |       ||   111
       Bite              |     7 |     4 |    50 |    44 ||   105
       Trident           |     2 |    13 |       |       ||    15
       Club              |       |    17 |   314 |   263 ||   594
       Punch             |       |       |    11 |    22 ||    33
       Dagger            |       |       |       |    16 ||    16
Throw: Dart              |     2 |    17 |    29 |    18 ||    66
       Boomerang         |       |       |    10 |    58 ||    68
 Cast: Blink             |       |       |     4 |     4 ||     8
       Frozen Ramparts   |       |       |       |     7 ||     7
Invok: Heroism           |       |       |     1 |     1 ||     2
  Use: Potion            |       |       |     1 |       ||     1
       Scroll            |       |       |       |     8 ||     8
 Stab: Sleeping          |     4 |     2 |     4 |     5 ||    15
       Distracted        |       |     1 |     7 |     8 ||    16
Armor: Leather armour    |    22 |     3 |    29 |     4 ||    58
       Ring mail         |       |       |       |   130 ||   130
       Swamp dragon scal |       |       |       |    12 ||    12
Dodge: Dodged            |    55 |    34 |   204 |   198 ||   491
